 Dungeon Sprint DCSS version 0.29.1-15-g9cfb28693d (webtiles) character file.

Game seed: 7817553295170946531

678 Groucho the Trooper (level 7, -28/72 HPs)
             Began as a Naga Fighter on Apr 21, 2023.
             Was a Believer of Cheibriados.
             Annihilated by a two-headed ogre
             ... wielding a +0 giant club
              (34 damage)
             ... in the Dungeon (Sprint IX: "|||||||||||||||||||||||||||||").
             The game lasted 00:02:20 (1465 turns).

Groucho the Trooper (Naga Fighter)                  Turns: 1465, Time: 00:02:21

Health: -28/72     AC: 10    Str: 27    XL:     7   Next: 60%
Magic:  12/12      EV: 12    Int: 14    God:    Cheibriados [**....]
Gold:   0          SH:  6    Dex: 19    Spells: 6/6 levels left

rFire   . . .      SeeInvis +   a - +0 war axe
rCold   . . .      Faith    .   c - +0 buckler
rNeg    . . .      Spirit   .   p - +2 ring mail
rPois   +          Reflect  .   n - +0 helmet
rElec   .          Harm     .   (no cloak)
rCorr   .          Rampage  .   o - +0 pair of gloves
Will    .....      NoTele   +   (no barding)
Stlth   +.........              (no amulet)
HPRegen 0.22/turn               q - +2 ring of evasion
MPRegen 0.13/turn               r - +3 ring of strength

@: invisible, very slow
A: AC +2, large, see invisible, deformed body, poison resistance, slowness 2,
spit poison 1, naga tail 1
a: Spit Poison, Renounce Religion, Bend Time


You were in the Dungeon.
You worshipped Cheibriados.
Cheibriados was pleased with you.
You visited 1 branch

Inventory:

Hand Weapons
 a - a +0 war axe (weapon)
Armour
 b - a +0 scale mail
 c - a +0 buckler (worn)
 n - a +0 helmet (worn)
 o - a +0 pair of gloves (worn)
 p - a +2 ring mail (worn)
Jewellery
 q - a +2 ring of evasion (left hand)
 r - a +3 ring of strength (right hand)
Wands
 m - a wand of iceblast (10)
Scrolls
 j - 2 scrolls of blinking
 l - 2 scrolls of amnesia
Potions
 d - a potion of might
 e - 4 potions of curing
 g - a potion of haste
 h - 4 potions of magic
 i - a potion of berserk rage


   Skills:
 + Level 7.5 Fighting
 + Level 7.1 Axes
 + Level 6.3 Armour
 + Level 3.7 Dodging
 + Level 6.9 Shields
 * Level 7.2 Invocations


You had 6 spell levels left.
You didn't know any spells.
Your spell library was empty.

Dungeon Overview and Level Annotations

Branches:
Dungeon (1/1)

Altars:
Cheibriados
Dithmenos
Elyvilon
Fedhas
Gozag
Hepliaklqana
Kikubaaqudgha
Makhleb
Nemelex Xobeh
Okawaru
Qazlal
Ru
Sif Muna
Trog
Uskayaw
Vehumet
Wu Jian
Xom
Yredelemnul
Zin
The Shining One
Jiyva
Lugonu


Innate Abilities, Weirdness & Mutations

Your serpentine skin is tough. (AC +2)
You have supernaturally acute eyesight. (SInv)
Armour fits poorly on your strangely shaped body.
Your system is resistant to poisons. (rPois)
You cover ground very slowly.
You can spit poison.
You have a snake-like lower body.


Message History

You start waiting.
Done waiting.
You open the door.
A two-headed ogre, a boulder beetle, 2 vampire mosquitoes and 2 trolls come into view.
The two-headed ogre shouts in stereo!
The vampire mosquito buzzes angrily. x2
The troll shouts! x2
You closely miss the two-headed ogre. The two-headed ogre misses you.
You block the two-headed ogre's attack.
You hit the two-headed ogre.
The two-headed ogre is lightly wounded.
The two-headed ogre hits you with a +0 giant club! x2
You slash the two-headed ogre!
The two-headed ogre is moderately wounded.
The two-headed ogre barely misses you.
The two-headed ogre hits you with a +0 giant club.
You hit the two-headed ogre but do no damage.
The two-headed ogre is moderately wounded.
The two-headed ogre hits you with a +0 giant club! x2
* * * LOW HITPOINT WARNING * * *
You are too injured to fight recklessly!
Unknown command.
You feel better.
You hit the two-headed ogre.
The two-headed ogre is moderately wounded.
You block the two-headed ogre's attack.
The two-headed ogre hits you with a +0 giant club.
Unknown command.
You fade into invisibility!
You block the two-headed ogre's attack.
The two-headed ogre hits you with a +0 giant club!
* * * LOW HITPOINT WARNING * * *
You strike the helpless two-headed ogre from behind!
You slice the two-headed ogre!!
The two-headed ogre is severely wounded.
Unknown command.
Unknown command.
You hit the two-headed ogre.
The two-headed ogre is severely wounded.
The two-headed ogre hits you with a +0 giant club!!
You die... ▓▓▓▓▓▓▓▓▓▓▓▓▓▓▓▓▓▓▓▓▓▓▓▓ '..)......))....@OByyTT. ▓▓▓▓▓▓▓▓▓▓▓▓▓▓▓▓▓▓▓▓▓▓▓▓

You could see a boulder beetle (unable to see you), a two-headed ogre (unable to see you), 2 trolls and 2 vampire mosquitoes.

Vanquished Creatures
  A vampire (D)
  A yak (D)
  A black bear (D)
  A centaur (D)
  2 kobold brigands (D)
  A hound (D)
  An orc wizard (D)
  2 ufetubi (D)
  An orc (D)
  A jackal (D)
  2 ball pythons (D)
  A frilled lizard (D)
  A goblin (D)
16 creatures vanquished.

Notes
Turn   | Place    | Note
-------+----------+-------------------------------------------
     0 | D        | Groucho the Naga Fighter began the quest for the Orb.
     0 | D        | Reached XP level 1. HP: 21/21 MP: 1/1
   549 | D        | Noticed a hound
   549 | D        | Noticed a black bear
   552 | D        | Reached XP level 2. HP: 19/30 MP: 2/2
   555 | D        | Reached XP level 3. HP: 20/37 MP: 3/3
   561 | D        | Killed a black bear
   562 | D        | Reached skill level 5 in Fighting
   562 | D        | Reached skill level 5 in Axes
   562 | D        | Reached skill level 5 in Shields
   562 | D        | Reached XP level 4. HP: 21/48 MP: 4/4
   562 | D        | Reached XP level 5. HP: 25/55 MP: 5/5
   932 | D        | Found a snail-covered altar of Cheibriados.
   932 | D        | Found a shadowy altar of Dithmenos.
   932 | D        | Found a white marble altar of Elyvilon.
   932 | D        | Found a blossoming altar of Fedhas.
   932 | D        | Found an opulent altar of Gozag.
   933 | D        | Found a hazy altar of Hepliaklqana.
   934 | D        | Found a viscous altar of Jiyva.
   935 | D        | Found an ancient bone altar of Kikubaaqudgha.
   936 | D        | Became a worshipper of Cheibriados the Contemplative
   937 | D        | Found a corrupted altar of Lugonu.
   938 | D        | Found a burning altar of Makhleb.
   939 | D        | Found a sparkling altar of Nemelex Xobeh.
   940 | D        | Found an iron altar of Okawaru.
   941 | D        | Found a stormy altar of Qazlal.
   942 | D        | Found a sacrificial altar of Ru.
   943 | D        | Found a shimmering blue altar of Sif Muna.
   944 | D        | Found a bloodstained altar of Trog.
   945 | D        | Found a hide-covered altar of Uskayaw.
   946 | D        | Found a radiant altar of Vehumet.
   947 | D        | Found an ornate altar of the Wu Jian Council.
   948 | D        | Found a shimmering altar of Xom.
   949 | D        | Found a basalt altar of Yredelemnul.
   950 | D        | Found a glowing silver altar of Zin.
   951 | D        | Found a glowing golden altar of the Shining One.
  1000 | D        | Noticed a centaur
  1000 | D        | Noticed a vampire
  1000 | D        | Noticed a kobold brigand
  1000 | D        | Noticed a yak
  1000 | D        | Noticed a kobold brigand
  1007 | D        | Killed a centaur
  1008 | D        | Reached skill level 5 in Armour
  1008 | D        | Reached skill level 1 in Dodging
  1025 | D        | Killed a vampire
  1025 | D        | Reached * piety under Cheibriados
  1026 | D        | Reached skill level 5 in Invocations
  1026 | D        | Reached XP level 6. HP: 43/63 MP: 7/10
  1036 | D        | Reached XP level 7. HP: 48/72 MP: 8/11
  1046 | D        | Reached ** piety under Cheibriados
  1061 | D        | Killed a yak
  1456 | D        | Noticed a two-headed ogre
  1456 | D        | Noticed a vampire mosquito
  1456 | D        | Noticed a boulder beetle
  1456 | D        | Noticed a vampire mosquito
  1456 | D        | Noticed a troll
  1456 | D        | Noticed a troll
  1465 | D        | Annihilated by a two-headed ogre

Illustrated notes

Levels and vault maps discovered:
D:        linesprint [early_d, line_temple, items_1, d_10, items_2, lair_1,
          lair_end, items_3, orc_1, orc_end, items_4, d_15, swamp_1, shoals_1,
          snake_1, spider_1, d_20, vaults_1, items_5, swamp_end, shoals_end,
          snake_end, spider_end, vaults_end, d_27, items_6, zot_1, zot_end,
          crypt_end, forest_end, elf_end, slime_end, tomb_end, abyss_end,
          pan_hell_end]

Skill      XL: |  1  2  3  4  5  6  7 |
---------------+----------------------+-----
Shields        | 3 4 5 6 |  6.9
Armour         | 3 4 5 6 |  6.3
Fighting       | 4 5 6 7 |  7.5
Axes           | 3 5 6 7 |  7.1
Dodging        | 2 3 |  3.7
Invocations    | 5 7 |  7.2

Action                   |  1- 3 |  4- 6 |  7- 9 || total
-------------------------+-------+-------+-------++-------
Melee: War axe           |    33 |    34 |    27 ||    94
  Use: Potion            |     1 |     2 |     2 ||     5
 Stab: Invisible         |       |       |     1 ||     1
Armor: Scale mail        |    16 |     1 |       ||    17
       Ring mail         |       |    20 |    10 ||    30
Dodge: Dodged            |    16 |    26 |    10 ||    52
Block: Buckler           |    12 |    15 |     6 ||    33
